 Dungeon Sprint DCSS version 0.32-a0-918-g0f22ef8d61 (webtiles) character file.

Game seed: 14997596832705452599

235 Griffin23 the Carver (level 5, -2/78 HPs)
             Began as a Minotaur Berserker on Apr 11, 2024.
             Was an Elder of Trog.
             Incinerated by a deep elf pyromancer (8 damage)
             ... with a pyre arrow
             ... in the Dungeon (Sprint III: "The Ten Rune Challenge").
             The game lasted 00:01:43 (556 turns).

Griffin23 the Carver (Minotaur Berserker)            Turns: 556, Time: 00:01:51

Health: -2/78      AC:  2    Str: 23    XL:     5   Next: 76%
Magic:  4/4        EV: 12    Int:  4    God:    Trog [****..]
Gold:   19         SH:  0    Dex: 10    Spells: 4/4 levels left

rFire   . . .        a - +0 falchion
rCold   . . .        (no shield)
rNeg    . . .        b - +0 animal skin
rPois   .            (helmet restricted)
rElec   .            (no cloak)
rCorr   .            (no gloves)
SInv    .            (no boots)
Will    .....        (no amulet) Stlth
                     (no ring)
HPRegen 0.33/turn    (no ring)
MPRegen 0.09/turn

%: no teleportation
@: berserking (expiring), on fire, glowing, very quick
A: horns 2, retaliatory headbutt
a: Renounce Religion, Berserk, Trog's Hand, Brothers in Arms


You were in the Dungeon.
You worshipped Trog.
Trog was greatly pleased with you.
You visited 1 branch You collected 19 gold pieces.

Inventory:

Hand Weapons
 a - a +0 falchion (weapon)
Armour
 b - a +0 animal skin (worn)
Scrolls
 h - a scroll of blinking
 i - a scroll of fear
 k - a scroll of poison
 o - a scroll of immolation {unknown}
Potions
 c - a potion of curing
 d - a potion of heal wounds
 e - a potion of haste
 f - 2 potions of magic
 g - a potion of berserk rage
 j - 3 potions of mutation
 m - a potion of ambrosia {unknown}
 n - 3 potions of enlightenment


   Skills:
 + Level 7.5 Fighting
 * Level 9.8 Long Blades
 + Level 6.7 Armour
 + Level 6.1 Dodging


You had 4 spell levels left.
You didn't know any spells.
Your spell library was empty.

Dungeon Overview and Level Annotations

Branches:
Dungeon (1/1)

Altars:
Elyvilon
Kikubaaqudgha
Sif Muna
Vehumet
Zin
The Shining One


Innate Abilities, Weirdness & Mutations

You have a pair of horns on your head.
You reflexively headbutt those who attack you in melee.


Message History

The liquid fire burns you!
The deep elf pyromancer mumbles some strange words.
You miss the deep elf pyromancer.
The deep elf pyromancer is moderately wounded.
The liquid fire burns you!
You completely miss the deep elf pyromancer.
Your headbutt misses the deep elf pyromancer.
The deep elf pyromancer is moderately wounded.
The liquid fire burns you! The fire elemental hits you.
The fire elemental burns you!
The deep elf pyromancer casts a spell at you.
The pyre arrow hits you.
You are even more covered in intense liquid fire!
You closely miss the deep elf pyromancer.
Your headbutt misses the deep elf pyromancer.
The deep elf pyromancer is moderately wounded.
The liquid fire burns you! The fire elemental hits you.
The fire elemental burns you!
You slash the deep elf pyromancer!
The deep elf pyromancer is heavily wounded.
The liquid fire burns you!
* * * LOW HITPOINT WARNING * * *
The deep elf pyromancer barely misses you.
You furiously retaliate!
You headbutt the deep elf pyromancer! The fire elemental hits you.
* * * LOW HITPOINT WARNING * * *
The fire elemental burns you!
* * * LOW HITPOINT WARNING * * *
You closely miss the deep elf pyromancer.
The deep elf pyromancer is severely wounded.
The liquid fire burns you!
* * * LOW HITPOINT WARNING * * *
You are too berserk!
You slice the deep elf pyromancer!!
You kill the deep elf pyromancer!
Trog accepts your kill.
You can now call in reinforcements.
Trog appreciates your killing of a magic user.
The fire elemental disappears in a puff of smoke!
The liquid fire burns you!
You die...

▓▓▓▓▓▓▓▓▓ ▓▓▓ ..'.....♣
♣.##### ..#....♣♣ ♣.#__§#
###....♣♣ ♣.#)@.#
..#....~♣♣♣♣♣.###'#+###+#
.)#...~~♣..♣♣.#..........
.)#..~~~~♣.♣♣.'.⌠........
#'#..~≈≈~~~.♣.#...######+
..#.~~≈~~~....#.⌠.#
..#.~≈~~~.....#...#
..#.~~~.......#)###
###...........#)::#


There were no monsters in sight!

Vanquished Creatures
  A deep elf pyromancer (D)
  A water elemental (D)
  A scorpion (D)
  A burial acolyte (D)
  Jessica (D)
  A human (D)
  A kobold demonologist (D)
  2 endoplasms (D)
  A rat (D)
10 creatures vanquished.

Notes
Turn   | Place    | Note
-------+----------+-------------------------------------------
     0 | D        | Griffin23 the Minotaur Berserker began the quest for the
                  | Orb.
     0 | D        | Reached XP level 1. HP: 19/19 MP: 0/0
     4 | D        | Reached skill level 4 in Long Blades
    33 | D        | Noticed Jessica
    34 | D        | Reached ** piety under Trog
    41 | D        | Killed Jessica
    42 | D        | Reached skill level 5 in Fighting
    42 | D        | Reached skill level 5 in Long Blades
    42 | D        | Reached XP level 2. HP: 19/29 MP: 1/1
    42 | D        | Reached XP level 3. HP: 24/36 MP: 2/2
   114 | D        | Reached skill level 6 in Long Blades
   170 | D        | Noticed a water elemental
   177 | D        | Killed a water elemental
   178 | D        | Reached skill level 7 in Long Blades
   178 | D        | Reached skill level 5 in Armour
   178 | D        | Reached XP level 4. HP: 44/44 MP: 3/3
   225 | D        | Noticed a scorpion
   235 | D        | Killed a scorpion
   235 | D        | Reached *** piety under Trog
   236 | D        | Reached skill level 8 in Long Blades
   236 | D        | Reached skill level 5 in Dodging
   236 | D        | Reached XP level 5. HP: 51/51 MP: 4/4
   316 | D        | Found a radiant altar of Vehumet.
   316 | D        | Found a shimmering blue altar of Sif Muna.
   316 | D        | Found an ancient bone altar of Kikubaaqudgha.
   322 | D        | Reached skill level 9 in Long Blades
   323 | D        | Noticed an orange demon
   326 | D        | Noticed a red devil
   545 | D        | Found a glowing silver altar of Zin.
   545 | D        | Found a glowing golden altar of the Shining One.
   545 | D        | Found a white marble altar of Elyvilon.
   546 | D        | Noticed a deep elf pyromancer
   551 | D        | Noticed a fire elemental
   556 | D        | Killed a deep elf pyromancer
   556 | D        | Reached **** piety under Trog
   556 | D        | Incinerated by a deep elf pyromancer

Illustrated notes

Levels and vault maps discovered:
D:        dungeon_sprint_mu [sprint_mu_entry_forest, sprint_mu_temple_rooms,
          sprint_mu_d1_horrors, sprint_mu_d2_genie, sprint_mu_d3_branching,
          sprint_mu_orc_legion, sprint_mu_elf_gauntlet, sprint_mu_hive_nellie,
          sprint_mu_lair_fedhas, sprint_mu_vaults_butterflies,
          sprint_mu_slime_circle, sprint_mu_swamp_cave, sprint_mu_snake_twists,
          sprint_mu_blade_basic, sprint_mu_crypt_fortress,
          sprint_mu_tomb_spiral, sprint_mu_vestibule_basic,
          sprint_mu_gehenna_hellfire, sprint_mu_dis_giant,
          sprint_mu_tartarus_statrot, sprint_mu_cocytus_islands, sprint_mu_zot1]

Skill      XL: |  1  2  3  4  5 |
---------------+----------------+-----
Fighting       | 5 6 7 |  7.5
Long Blades    | 5 7 8 9 |  9.8
Armour         | 3 5 6 |  6.7
Dodging        | 3 4 5 6 |  6.1

Action                     |  1- 3 |  4- 6 || total
---------------------------+-------+-------++-------
  Melee: Falchion          |    21 |    18 ||    39
         Headbutt          |     5 |       ||     5
 Invoke: Berserk           |     2 |     3 ||     5
    Use: Scroll            |       |     3 ||     3
 Armour: Animal skin       |     6 |    10 ||    16
  Dodge: Dodged            |     5 |     6 ||    11

Table legend: (Time is in decaauts)
 A = Elapsed time spent in this place.
 B = Non-inter-level travel time spent in this place.
 C = Inter-level travel time spent in this place.
 D = Time resting spent in this place.
 E = Time spent auto-exploring this place.
 F = Levels seen in this place.
 G = Mean time per level.
                   A        B        C        D        E       F      G
               +--------+--------+--------+--------+--------+-----+--------+
         Total |    587 |    573 |     14 |    350 |    101 |   1 |  587.0 |
       Dungeon |    587 |    573 |     14 |    350 |    101 |   1 |  587.0 |
               +--------+--------+--------+--------+--------+-----+--------+

Top non-repeatable levels by time:
       D: 587 daAuts
